 Dungeon Crawl Stone Soup version 0.23.2-33-g5129a83184 (webtiles) character file.

Game seed: 6260770098647487807

5830 Felnil the Protected (level 10, 0/70 HPs)
             Began as a Mummy Fighter on Aug 9, 2019.
             Was a Plaything of Xom.
             Slain by Harold
             ... wielding a +7 antimagic mace
              (15 damage)
             ... on level 8 of the Dungeon.
             The game lasted 00:36:26 (9217 turns).

Felnil the Protected (Mummy Fighter)                Turns: 9217, Time: 00:36:26

Health: 0/70       AC: 20    Str: 23    XL:     10   Next: 51%
Magic:  0/10       EV:  3    Int:  6    God:    Xom [..*...]
Gold:   500        SH:  0    Dex: 16    Spells: 9/9 levels left

rFire    + + .     SeeInvis .   m - +5 hand axe "Wojygu" {elec, *Corrode rF+++ Int-2 Dex+5}
rCold    + + .     Gourm    .   c - +0 shield
rNeg     + + +     Faith    .   o - +3 plate armour
rPois    ∞         Spirit   .   u - +2 hat
rElec    .         Reflect  .   (no cloak)
rCorr    .         Harm     .   (no gloves)
MR       +....                  (no boots)
Stlth    ..........             (no amulet)
HPRegen  0.21/turn              j - ring of protection from cold
MPRegen  0.12/turn              k - ring of wizardry

@: held, studying Slings
A: no food or potions, fire vulnerability, cold resistance 1, negative energy
resistance 3, torment resistance, unbreathing
a: Renounce Religion


You were on level 8 of the Dungeon.
You worshipped Xom.
You were a toy of Xom.
You were not hungry.

You visited 2 branches of the dungeon, and saw 9 of its levels.
You also visited: Sewer.

You collected 500 gold pieces.

Inventory:

Hand Weapons
 a - a +1 rapier
 m - the +5 hand axe "Wojygu" (weapon) {elec, *Corrode rF+++ Int-2 Dex+5}
   (You found it in a sewer)

   Occasionally, upon striking a foe, it will discharge some electrical energy
   and cause terrible harm.
   It affects your intelligence (-2).
   It affects your dexterity (+5).
   It renders you almost immune to fire.
   It may corrode you when you take damage.
 q - a +4 scimitar of protection
 t - a +1 war axe of venom
 v - a +1 shortbow of flaming
Missiles
 g - 40 arrows
 i - 6 javelins
Armour
 c - a +0 shield (worn)
 o - a +3 plate armour (worn)
 u - a +2 hat (worn)
Jewellery
 j - a ring of protection from cold (left hand)
 k - a ring of wizardry (right hand)
Wands
 b - a wand of clouds (2)
 p - a wand of random effects (31)
 s - a wand of disintegration (10)
Scrolls
 d - a scroll of fear
 e - 2 scrolls of fog
 f - 3 scrolls of blinking
 h - 4 scrolls of remove curse
 l - a scroll of identify
 r - a scroll of amnesia
Books
 w - a manual of Slings


   Skills:
 - Level 3.0 Fighting
 - Level 1.5 Short Blades
 + Level 13.1 Armour
 - Level 2.4 Shields


You had 9 spell levels left.
You didn't know any spells.
Your spell library contained the following spells:

 Spells                   Type           Power        Failure   Level  Hunger
 Animate Skeleton         Necr           N/A          100%        1    N/A
 Pain                     Necr           #...         100%        1    N/A
 Vampiric Draining        Necr           #.........   100%        3    N/A
 Animate Dead             Necr           N/A          100%        4    N/A
 Regeneration             Chrm/Necr      Unusable     N/A         3    N/A

Dungeon Overview and Level Annotations

Branches:
Dungeon (8/15)             Temple (1/1) D:6            Lair (0/6) D:8

Altars:
Ashenzari
Cheibriados
Dithmenos
Elyvilon
Fedhas
Gozag
Hepliaklqana
Kikubaaqudgha
Makhleb
Nemelex Xobeh
Okawaru
Qazlal
Ru
Sif Muna
Trog
Uskayaw
Vehumet
Wu Jian
Xom
Yredelemnul
Zin
The Shining One

Annotations:
D:8 Harold


Innate Abilities, Weirdness & Mutations

You do not eat or drink.
Your flesh is vulnerable to fire.
You are immune to poison.
Your flesh is cold resistant. (rC+)
You are immune to negative energy. (rN+++)
You are immune to unholy pain and torment.
You can survive without breathing.


Message History

You feel your power leaking away.
Your plate armour prevents you from hitting Harold.
Harold is severely wounded.
Harold hits you with a +7 antimagic mace!
You feel your power leaking away.
You are too injured to fight recklessly!
Harold throws a throwing net.
The throwing net hits you.
You become entangled in the net!
You see here a throwing net.
You struggle against the net.
You struggle against the net.
Harold hits you with a +7 antimagic mace!
* * * LOW HITPOINT WARNING * * *
You struggle against the net.
Harold hits you with a +7 antimagic mace.
* * * LOW HITPOINT WARNING * * *
You struggle against the net.
Harold hits you with a +7 antimagic mace!
You die...
Xom bursts into laughter!

***,* ******* *,* #,,,..*
*,****##.**#.* #######
*,*,,,...###.* #......
***,,,,,.......* #......
,****,,,.......* #......
,****,,,....)..* #......
,**,,,,,.......############......
,,,,,,,,.......@@................
,,,,,,,,...bbb......))...........
,,*,***,......b###########....##.
,,*,,,,,...b...* ####.##.##.
,,****,,.......* #.......##.
,,,,,,,,.......* #.##..#....
,*****,,.......* ##.#....#### ,*
*,*#######* #.......# # ,* *,*
#..####.# #


You could see Harold.

Vanquished Creatures
  Erica (D:7)
  Pikel (D:6)
  Joseph (D:7)
  The ghost of haesbaert the Slicer, a novice KoAs of Kikubaaqudgha (D:6)
  Maurice (D:8)
  4 hogs (D:7)
  A human (D:7)
  A water moccasin (D:6)
  3 sky beasts
  3 ice beasts
  A black bear (D:8)
  3 slaves (D:6)
  A phantom (D:7)
  3 ogres
  4 bullfrogs
  Blork the orc (D:6)
  A water moccasin zombie (D:5)
  A scorpion (D:4)
  4 wights (D:6)
  3 crimson imps
  4 centaur skeletons
  2 quasits
  2 orc priests
  A bullfrog skeleton (D:5)
  5 hounds
  10 orc wizards
  Jessica (D:3)
  2 worker ants
  Terence (D:2)
  3 iguanas
  A killer bee zombie (D:7)
  2 hound skeletons
  Robin (D:2)
  13 adders
  13 gnolls
  A shadow imp (D:8)
  An ooze (D:1)
  An adder skeleton (D:4)
  3 worms
  3 dart slugs
  11 leopard geckos
  30 orcs
  6 bats
  8 giant cockroaches
  15 goblins
  13 hobgoblins
  A jackal (D:3)
  12 kobolds
  A quokka (D:7)
  6 ball pythons
  8 frilled lizards
  A jackal zombie (D:8)
  7 rats
228 creatures vanquished.

Vanquished Creatures (others)
  A butterfly (D:6)
1 creature vanquished.

Grand Total: 229 creatures vanquished

Notes
Turn   | Place    | Note
-------+----------+-------------------------------------------
     0 | D:1      | Felnil the Mummy Fighter began the quest for the Orb.
     0 | D:1      | Reached XP level 1. HP: 18/18 MP: 1/1
   248 | D:1      | Reached skill level 3 in Armour
   248 | D:1      | Reached XP level 2. HP: 9/24 MP: 2/2
   720 | D:1      | Reached XP level 3. HP: 29/29 MP: 3/3
  1557 | D:2      | Reached skill level 4 in Armour
  1557 | D:2      | Reached XP level 4. HP: 23/35 MP: 4/4
  1900 | D:2      | Noticed Terence
  1932 | D:2      | Killed Terence
  2038 | D:2      | Identified the cursed +0 helmet "Unonling" {*Corrode rElec
                  | Int+4 Stlth+}
  2038 | D:2      | Noticed Robin
  2048 | D:2      | Reached XP level 5. HP: 37/41 MP: 5/5
  2075 | D:2      | Killed Robin
  2241 | D:2      | Reached skill level 5 in Armour
  2738 | D:3      | Found an opulent altar of Gozag.
  2739 | D:3      | Found a deep blue altar of Sif Muna.
  2921 | D:3      | Reached XP level 6. HP: 39/47 MP: 6/6
  3051 | D:3      | Found a glowing drain.
  3065 | Sewer    | Entered a sewer
  3624 | Sewer    | Reached skill level 6 in Armour
  3749 | Sewer    | Got an ichor-stained hand axe
  3753 | Sewer    | Identified the +5 hand axe "Wojygu" {elec, *Corrode rF+++
                  | Int-2 Dex+5} (You found it in a sewer)
  4244 | D:3      | Noticed Jessica
  4250 | D:3      | Killed Jessica
  4465 | D:4      | Reached XP level 7. HP: 48/52 MP: 7/7
  4551 | D:4      | Reached skill level 7 in Armour
  5036 | D:4      | Found a snail-covered altar of Cheibriados.
  5242 | D:4      | Reached skill level 8 in Armour
  5420 | D:5      | Entered Level 5 of the Dungeon
  5512 | D:5      | Reached XP level 8. HP: 42/58 MP: 8/8
  6254 | D:6      | Reached skill level 9 in Armour
  6550 | D:6      | Found a runed translucent gate.
  6550 | D:6      | Found a runed translucent gate.
  6550 | D:6      | Found an opulent altar of Gozag.
  6550 | D:6      | Found a runed translucent gate.
  6551 | D:6      | Noticed haesbaert's ghost (novice KoAs)
  6609 | D:6      | Found a staircase to the Ecumenical Temple.
  6616 | Temple   | Entered the Ecumenical Temple
  6745 | Temple   | Became a worshipper of Xom of Many Doors
  6762 | D:6      | Noticed Pikel
  6784 | D:6      | XOM: potion effect (heal wounds)
  6785 | D:6      | Killed Pikel
  6785 | D:6      | Reached skill level 10 in Armour
  6785 | D:6      | Reached XP level 9. HP: 63/63 MP: 9/9
  6960 | D:6      | Noticed Blork the orc
  6969 | D:6      | Killed Blork the orc
  7051 | D:6      | Found a shadowy altar of Dithmenos.
  7200 | D:6      | XOM: cast spell 'Summon Small Mammal'
  7332 | D:6      | Killed haesbaert's ghost
  7332 | D:6      | Reached skill level 11 in Armour
  7498 | D:7      | XOM: potion effect (might)
  7525 | D:7      | XOM: harmless Ice miscast
  7794 | D:7      | XOM is BORED!
  7794 | D:7      | XOM: harmless Erth miscast
  7865 | D:7      | Noticed Joseph
  7903 | D:7      | XOM: confuse monster(s)
  7912 | D:7      | Reached skill level 12 in Armour
  7923 | D:7      | Killed Joseph
  7923 | D:7      | Reached XP level 10. HP: 54/70 MP: 10/10
  8430 | D:8      | Noticed Erica
  8430 | D:8      | XOM: enchant monster (good)
  8432 | D:8      | Found a staircase to the Lair.
  8460 | D:8      | Noticed Maurice
  8473 | D:7      | Killed Erica
  8810 | D:8      | Found a shattered altar of Ashenzari.
  8810 | D:8      | Found a bloodstained altar of Trog.
  8810 | D:8      | Found a basalt altar of Yredelemnul.
  8864 | D:8      | Reached skill level 13 in Armour
  8901 | D:8      | Killed Maurice
  9097 | D:8      | Found a hide-covered altar of Uskayaw.
  9200 | D:8      | Noticed Harold
  9206 | D:8      | XOM: butterfly on damage
  9217 | D:8      | Slain by Harold

Skill      XL: |  1  2  3  4  5  6  7  8  9 10 |
---------------+-------------------------------+-----
Armour         | 3 4 5 6 8 10 12 13 | 13.1
Fighting       | |  3.0
Short Blades   | |  1.5
Shields        | |  2.4

Action                   |  1- 3 |  4- 6 |  7- 9 | 10-12 || total
-------------------------+-------+-------+-------+-------++-------
Melee: Rapier            |   134 |   259 |       |       ||   393
       Hand axe          |       |    18 |   325 |    96 ||   439
Throw: Throwing net      |       |       |       |     1 ||     1
Evoke: Wand              |       |       |     3 |     2 ||     5
  Use: Scroll            |       |     7 |     7 |     2 ||    16
Armor: Scale mail        |    53 |   106 |       |       ||   159
       Plate armour      |       |     4 |   264 |    75 ||   343
Dodge: Dodged            |    30 |    78 |    60 |    14 ||   182
Block: Shield            |    70 |   124 |   175 |    40 ||   409
